 Dungeon Crawl Stone Soup version 0.23.1 (webtiles) character file.

Game seed: 1407951405116165205

54 Borgoz the Sneak (level 3, -3/27 HPs)
             Began as a Ghoul Enchanter on Mar 13, 2019.
             Slain by a worker ant (4 damage)
             ... on level 1 of the Dungeon.
             The game lasted 00:02:50 (2125 turns).

Borgoz the Sneak (Ghoul Enchanter)                  Turns: 2125, Time: 00:02:51

Health: -3/27      AC:  8    Str:  9 (11) XL:     3   Next: 91%
Magic:  0/5        EV: 10    Int:  9 (10) God:
Gold:   93         SH:  0    Dex:  9 (10) Spells: 3/6 levels left

rFire    . . .     SeeInvis .   a - +1 dagger
rCold    + . .     Gourm    .   (no shield)
rNeg     + + +     Faith    .   f - +0 ring mail
rPois    ∞         Spirit   .   (no helmet)
rElec    .         Reflect  .   (no cloak)
rCorr    .         Harm     .   c - +2 pair of gloves
MR       .....                  (no boots)
Stlth    +.........             (no amulet)
HPRegen  0.00/turn              (no ring)
MPRegen  0.09/turn              (no ring)

@: very slightly contaminated, rotting
A: rotting body, claws 1, carnivore, cold resistance 1, negative energy
resistance 3, inhibited regeneration, torment resistance, unbreathing
a: no special abilities


You were on level 1 of the Dungeon.
You were not hungry.

You visited 1 branch of the dungeon, and saw 2 of its levels.

You collected 93 gold pieces.

Inventory:

Hand Weapons
 a - a +1 dagger (weapon)
Missiles
 i - 6 poisoned needles
Armour
 b - a +0 robe
 c - a +2 pair of gloves (worn)
 f - a +0 ring mail (worn)
Scrolls
 j - a scroll of enchant weapon {unknown}
Comestibles
 d - a ration


   Skills:
 + Level 0.7 Fighting
 * Level 1.5 Short Blades
 * Level 1.0 Armour
 + Level 2.0 Dodging
 + Level 3.5 Stealth
 + Level 2.0 Spellcasting
 * Level 2.8 Hexes


You had 3 spell levels left.
You knew the following spells:

 Your Spells              Type           Power        Failure   Level  Hunger
a - Corona                Hex            #......      28%         1    ##.....
b - Ensorcelled Hibernat  Hex/Ice        #.....       61%         2    ###....

Your spell library contained the following spells:

 Spells                   Type           Power        Failure   Level  Hunger
 Confuse                  Hex            #.......     65%         3    ####...
 Tukima's Dance           Hex            #.......     65%         3    ####...
 Dazzling Spray           Conj/Hex       #.....       83%         3    ####...


Dungeon Overview and Level Annotations

Branches:
Dungeon (2/15)

Altars:


Innate Abilities, Weirdness & Mutations

Your body is rotting away.
You thrive on raw meat.
You are immune to poison.
You have sharp fingernails.
You are carnivorous and can eat meat at any time.
Your flesh is cold resistant. (rC+)
You are immune to negative energy. (rN+++)
You do not regenerate when monsters are visible.
You are immune to unholy pain and torment.
You can survive without breathing.


Message History

You are very lightly contaminated with residual magic.
Nothing appears to happen.
The worker ant closely misses you.
You barely miss the worker ant.
The worker ant is moderately wounded.
The worker ant barely misses you.
You hit the worker ant.
The worker ant is heavily wounded.
The worker ant closely misses you. The worker ant barely misses you.
You hit the worker ant.
The worker ant is severely wounded.
The worker ant bites you but does no damage.
You hit the worker ant but do no damage.
The worker ant is heavily wounded.
The worker ant bites you.
* * * LOW HITPOINT WARNING * * *
You aren't carrying any potions.
As you read the scroll labeled JOAF FURUEHUS, it crumbles to dust.
You feel momentarily disoriented.
It was a scroll of magic mapping.
The worker ant bites you.
You die...

....#..........#.# #.#
....#..........#.#########.##
#...............>...........#
#..)###.#.#.##.#.############
♣...# #.#.#.##.#.# ....#
#.#.#.##.#.# ♣...#
#.#.#.##.#.# #...#
#.#.#.##.#a# #...#
#.#.#.##.#@#
....###...#.##.#.#
......+...#......#
#.#####...####[###
#.#######'####.#
#'##...........#
...............#
...............#
.....####'####.####


You could see a worker ant.

Vanquished Creatures
  2 adders (D:2)
  An ooze (D:1)
  A dart slug (D:1)
  A leopard gecko (D:1)
  6 bats
  A giant cockroach (D:1)
  4 goblins
  6 hobgoblins (D:1)
  A ball python (D:1)
  2 frilled lizards (D:1)
  3 kobolds
  2 rats (D:1)
30 creatures vanquished.

Notes
Turn   | Place    | Note
-------+----------+-------------------------------------------
     0 | D:1      | Borgoz the Ghoul Enchanter began the quest for the Orb.
     0 | D:1      | Reached XP level 1. HP: 14/14 MP: 2/2
   229 | D:1      | Reached skill level 1 in Short Blades
   737 | D:1      | Reached XP level 2. HP: 18/19 MP: 3/3
   758 | D:1      | Learned a level 2 spell: Ensorcelled Hibernation
  1148 | D:1      | Reached XP level 3. HP: 19/27 MP: 4/4
  2022 | D:2      | Reached skill level 1 in Armour
  2123 | D:1      | HP: 1/27 [worker ant (6)]
  2125 | D:1      | Slain by a worker ant

Skill      XL: |  1  2  3 |
---------------+----------+-----
Short Blades   | 1 |  1.5
Spellcasting   | 2 |  2.0
Dodging        | 2 |  2.0
Armour         | 1 |  1.0
Fighting       | |  0.7
Stealth        | |  3.5
Hexes          | |  2.8

Action                   || total
-------------------------++-------
Melee: Dagger            ||   173
 Cast: Ensorcelled Hiber ||     3
  Use: Potion            ||     2
       Scroll            ||     1
 Stab: Sleeping          ||     8
  Eat: Chunk             ||    10
Armor: Robe              ||    29
       Ring mail         ||    38
Dodge: Dodged            ||    98
